 Dungeon Crawl Stone Soup version 0.30.1-11-g7821555f0a (webtiles) character file.

Game seed: 9909382225835754589

242 SacredBeard the Grave Robber (level 5, -7/38 HPs)
             Began as a Demonspawn Necromancer on Nov 27, 2023.
             Mangled by Menkaure (12 damage)
             ... on level 4 of the Dungeon.
             The game lasted 00:06:33 (3251 turns).

SacredBeard the Grave Robber (DsNe)                 Turns: 3251, Time: 00:06:34

Health: -7/38      AC:  7    Str:  8    XL:     5   Next: 82%
Magic:  2/8        EV: 11    Int: 17    God:
Gold:   180        SH:  4    Dex: 15    Spells: 7/8 levels left

rFire   . . .        k - +1 dagger (venom)
rCold   . . .        (no shield)
rNeg    . . .        l - +0 leather armour
rPois   .            j - +1 hat
rElec   .            h - +2 cloak
rCorr   .            (no gloves)
SInv    .            (no boots)
Will    .....        (no amulet)
Stlth   ++           (no ring)
HPRegen 0.26/turn    (no ring)
MPRegen 0.11/turn

%: no passive effects
@: no status effects
A: claws 1, large bone plates 1, powered by death 1
a: no special abilities


You were on level 4 of the Dungeon.
You visited 1 branch of the dungeon, and saw 4 of its levels.

You collected 180 gold pieces.

Inventory:

Hand Weapons
 k - a +1 dagger of venom (weapon)
Missiles
 d - 5 boomerangs
 f - 23 stones
Armour
 h - a +2 cloak (worn)
 j - a +1 hat (worn)
 l - a +0 leather armour (worn)
 q - a scarf of resistance
Wands
 r - a wand of mindburst (5)
Scrolls
 c - 2 scrolls of summoning {unknown}
 g - 5 scrolls of identify {unknown}
 m - 3 scrolls of fog {unknown}
 n - a scroll of immolation {unknown}
 o - a scroll of poison {unknown}
 p - a scroll of vulnerability {unknown}
Potions
 a - a potion of curing {unknown}
 b - a potion of magic
 e - 2 potions of attraction {unknown}
 i - a potion of cancellation {unknown}


   Skills:
 + Level 1.7 Fighting
 + Level 1.7 Throwing
 + Level 1.4 Armour
 - Level 2.0 Dodging
 + Level 2.8 Stealth
 - Level 2.0 Spellcasting
 * Level 5.7 Necromancy
 + Level 1.5 Evocations


You had 7 spell levels left.
You knew the following spells:

 Your Spells              Type           Power      Damage    Failure   Level
a - Necrotise             Necr           84%        1d8       2%          1

Your spell library contained the following spells:

 Spells                   Type           Power      Damage    Failure   Level
 Vampiric Draining        Necr           21%        2d7       8%          3
 Animate Dead             Necr           21%        N/A       26%         4
 Blink                    Tloc           2%         N/A       38%         2
 Lesser Beckoning         Tloc           2%         N/A       38%         2
 Momentum Strike          Conj/Tloc      2%         3d8       38%         2
 Agony                    Necr           21%        N/A       58%         5
 Gell's Gravitas          Tloc           1%         N/A       63%         3
 Ignite Poison            Fire/Tmut/Pois 1%         N/A       63%         3
 Teleport Other           Tloc           1%         N/A       63%         3
 Sticky Flame             Conj/Fire      1%         2d3       95%         4
 Haunt                    Necr/Summ      5%         N/A       100%        7


Dungeon Overview and Level Annotations

Branches:
Dungeon (4/15) Zot: 20747
 Temple: D:4-7

Altars:

Annotations:
D:4 Menkaure


Innate Abilities, Weirdness & Mutations

You have sharp fingernails.
You are partially covered in large bone plates. (SH +4)
You regenerate a little health from kills.


Message History

Your adder skeleton bites the orc priest.
The orc priest hits you with a +0 dagger.
You completely miss the orc priest.
The orc priest is heavily wounded.
Your adder skeleton bites the orc priest.
The orc priest hits your adder skeleton with a +0 dagger.
You hit the orc priest but do no damage.
The orc priest is heavily wounded.
Your adder skeleton bites the orc priest.
The orc priest invokes the aid of Beogh against you.
Pain shoots through your body!
You barely miss the orc priest.
The orc priest is severely wounded.
Your adder skeleton bites the orc priest.
The orc priest hits you with a +0 dagger.
You hit the orc priest.
You kill the orc priest!
Menkaure hits you!
Your adder skeleton bites Menkaure but does no damage.
A scorpion comes into view.
Menkaure barely misses you.
You are too injured to fight recklessly!
Unknown command.
You hit Menkaure but do no damage.
Your adder skeleton bites Menkaure.
Menkaure hits you!
* * * LOW HITPOINT WARNING * * *
You hit Menkaure but do no damage.
Menkaure is lightly damaged.
Your adder skeleton bites Menkaure.
Menkaure grins.
Menkaure hits you.
* * * LOW HITPOINT WARNING * * *
You hit Menkaure but do no damage.
Menkaure is lightly damaged.
Your adder skeleton bites Menkaure.
Menkaure hits you.
* * * LOW HITPOINT WARNING * * *
You hit Menkaure.
Menkaure is moderately damaged.
Menkaure hits you!
You die...

. #.##.#.##....).# ....
#.##.#.......... ..#.
#.##.?..........
...####.##......###...
###..#...>.))).........
##............##.##.##..
#.......$.....##..#.##..
.......................<
.......@...........###..
......)ZM...........>...
...<..........##........
........s.....# .....#..
........................
..########.####......###
. #.# ...## .#


You could see Menkaure (fast, ally target), a scorpion and a friendly adder
skeleton.

Vanquished Creatures
  2 orc priests
  Jessica (D:2)
  An orc wizard (D:3)
  Robin (D:2)
  3 adders
  A worm (D:3)
  A dart slug (D:2)
  14 orcs
  3 endoplasms
  2 giant cockroaches
  4 hobgoblins
  2 jackals (D:2)
  2 quokkas
  3 ball pythons
  5 bats
  3 frilled lizards
  14 goblins
  6 kobolds
  6 rats (D:1)
74 creatures vanquished.

Vanquished Creatures (collateral kills)
  An orc (D:4)
  An endoplasm (D:1)
2 creatures vanquished.

Grand Total: 76 creatures vanquished

Notes
Turn   | Place    | Note
-------+----------+-------------------------------------------
     0 | D:1      | SacredBeard the Demonspawn Necromancer began the quest for
                  | the Orb.
     0 | D:1      | Reached XP level 1. HP: 13/13 MP: 3/3
   251 | D:1      | Gained mutation: You are partially covered in large bone
                  | plates. (SH +4) [demonic ancestry]
   251 | D:1      | Reached XP level 2. HP: 16/19 MP: 0/5
  1099 | D:2      | Got the Grimoire of Red Shadows
  1379 | D:2      | Gained mutation: You regenerate a little health from kills.
                  | [demonic ancestry]
  1379 | D:2      | Reached XP level 3. HP: 25/25 MP: 4/6
  1806 | D:2      | Noticed Jessica
  1809 | D:2      | Killed Jessica
  1810 | D:2      | Reached skill level 5 in Necromancy
  2074 | D:2      | Noticed Robin
  2079 | D:2      | Reached skill level 1 in Fighting
  2089 | D:2      | Gained mutation: You have sharp fingernails. [demonic
                  | ancestry]
  2089 | D:2      | Reached XP level 4. HP: 16/32 MP: 1/7
  2117 | D:2      | Killed Robin
  2118 | D:2      | Reached skill level 1 in Throwing
  2456 | D:3      | Reached skill level 1 in Armour
  2456 | D:3      | Reached skill level 1 in Evocations
  2802 | D:3      | Reached XP level 5. HP: 17/37 MP: 0/8
  3238 | D:4      | Noticed Menkaure
  3251 | D:4      | Mangled by Menkaure

Illustrated notes

Levels and vault maps discovered:
D:1:      grunt_arrival_crossed_arrows, layout_basic, fountainhead
D:2:      layout_loops_corners, kennysheep_generic_room_16, uniq_jessica,
          uniq_robin
D:3:      layout_basic
D:4:      layout_rooms, uniq_menkaure

Skill      XL: |  1  2  3  4 |
---------------+-------------+-----
Dodging        | 2 |  2.0
Stealth        | 2 |  2.8
Necromancy     | 5 |  5.7
Fighting       | 1 |  1.7
Throwing       | 1 |  1.7
Armour         | 1 |  1.4
Evocations     | 1 |  1.5
Spellcasting   | |  2.0

Action                     |  1- 3 |  4- 6 || total
---------------------------+-------+-------++-------
  Melee: Short sword       |    10 |       ||    10
         Dagger            |    10 |    53 ||    63
         Punch             |     1 |     1 ||     2
  Throw: Boomerang         |     1 |     1 ||     2
         Stone             |       |     5 ||     5
   Cast: Necrotise         |    56 |    55 ||   111
   Stab: Distracted        |       |     1 ||     1
         Sleeping          |       |     1 ||     1
 Armour: Robe              |     5 |       ||     5
         Leather armour    |     8 |    24 ||    32
  Dodge: Dodged            |    17 |    27 ||    44
  Block: Other             |     2 |    13 ||    15
